 Dungeon Crawl Stone Soup version 0.30-a0-606-ga80edbb (webtiles) character file.

Game seed: 11546940099671906763

132 jagoly the Shooter (level 4, -4/35 HPs)
             Began as a Draconian Hexslinger on Jan 7, 2023.
             Slain by a black bear (11 damage)
             ... on level 4 of the Dungeon.
             The game lasted 00:10:10 (2850 turns).

jagoly the Shooter (Draconian Hexslinger)           Turns: 2850, Time: 00:10:11

Health: -4/35      AC:  5    Str: 12    XL:     4   Next: 92%
Magic:  1/5        EV: 12    Int: 13    God:
Gold:   179        SH:  0    Dex: 14    Spells: 4/5 levels left

rFire   . . .      SeeInvis +    b - +1 dagger (venom)
rCold   . . .      Faith    .    (no shield)
rNeg    . . .      Spirit   .    (body armour unavailable)
rPois   .          Reflect  .    (helmet restricted)
rElec   .          Harm     .    (no cloak)
rCorr   .          Rampage  .    (no gloves)
Will    .....                    (no boots)
Stlth   ++                       (no amulet)
HPRegen 0.25/turn                c - ring of see invisible
MPRegen 0.09/turn                (no ring)

@: no status effects
A: AC +5, unfitting armour, cold-blooded
a: no special abilities


You were on level 4 of the Dungeon.
You visited 1 branch of the dungeon, and saw 4 of its levels.

You collected 179 gold pieces.

Inventory:

Hand Weapons
 a - a +1 sling
 b - a +1 dagger of venom (weapon)
 n - the +7 dagger "Giantbane" {heavy, Will+ Dex+6 Stlth+}
   (You found it on level 2 of the Dungeon)

   Dex:       It affects your dexterity (+6).
   Will:      It increases your willpower.
   Stlth:     It makes you more stealthy.
 w - a +1 dagger of electrocution
Magical Staves
 h - a staff of death
Jewellery
 c - a ring of see invisible (left hand)
Scrolls
 e - a scroll of poison
 f - 2 scrolls of identify {unknown}
 g - 2 scrolls of acquirement {unknown}
 i - 2 scrolls of fear {unknown}
 k - a scroll of magic mapping {unknown}
 r - 2 scrolls of immolation {unknown}
 s - 2 scrolls of fog {unknown}
 t - a scroll of teleportation {unknown}
Potions
 d - a potion of haste {unknown}
 j - 5 potions of curing {unknown}
 l - a potion of might {unknown}
 m - 2 potions of attraction {unknown}
 o - 2 potions of heal wounds {unknown}
 p - 2 potions of invisibility {unknown}
 q - a potion of lignification {unknown}
 u - a potion of mutation {unknown}


   Skills:
 - Level 1.1 Fighting
 * Level 4.0 Ranged Weapons
 - Level 1.7 Dodging
 - Level 2.0 Stealth
 - Level 1.0 Spellcasting
 - Level 3.0 Hexes


You had 4 spell levels left.
You knew the following spells:

 Your Spells              Type           Power      Damage    Failure   Level
a - Slow                  Hex            32%        N/A       9%          1

Your spell library contained the following spells:

 Spells                   Type           Power      Damage    Failure   Level
 Tukima's Dance           Hex            8%         N/A       24%         3
 Dazzling Flash           Conj/Hex       8%         N/A       41%         3
 Inner Flame              Hex/Fire       4%         N/A       41%         3
 Portal Projectile        Hex/Tloc       8%         N/A       41%         3
 Ignite Poison            Fire/Tmut/Pois 0%         N/A       63%         3
 Cause Fear               Hex            4%         N/A       63%         4
 Iskenderun's Mystic Bla  Conj/Tloc      0%         2d3       95%         4
 Sticky Flame             Conj/Fire      0%         2d3       95%         4
 Blade Hands              Tmut           0%         N/A       100%        5
 Starburst                Conj/Fire      0%         6d3       100%        6
 Discord                  Hex            4%         N/A       100%        8
 Ignition                 Fire           0%         3d3       100%        8


Dungeon Overview and Level Annotations

Branches:
Dungeon (4/15) Zot: 21124
 Temple: D:4-7

Altars:
Ashenzari

Shops:
D:4 [

Annotations:
D:4 Blork the orc


Innate Abilities, Weirdness & Mutations

Your plain brown scales are hard. (AC +5)
You cannot fit into any form of body armour.
You are cold-blooded and may be slowed by cold attacks.


Message History

The bat hits you but does no damage.
Your +1 dagger of venom begins to drip with poison!
b - a +1 dagger of venom (weapon)
The bat closely misses you.
You hit the bat.
The bat is poisoned.
The bat is severely wounded.
The bat hits you but does no damage. The bat barely misses you.
You hit the giant cockroach.
The giant cockroach is poisoned.
Your tail-slap misses the giant cockroach.
The giant cockroach is moderately wounded.
The bat hits you.
The giant cockroach bites you but does no damage.
You closely miss the bat.
You tail-slap the bat, but do no damage.
The bat is severely wounded.
You kill the giant cockroach!
You kill the bat!
Your Ranged Weapons skill increases to level 3!
No target in view!
Your +1 dagger of venom stops dripping with poison.
a - a +1 sling (weapon)
Found a stone staircase leading down.
A ball python comes into view.
Found a sedimented dark potion.
You see here a scroll labelled QOQOFUDOALL.
You shoot a sling bullet.
The sling bullet barely misses the ball python.
The ball python hisses angrily.
You shoot a sling bullet.
The sling bullet barely misses the ball python.
You shoot a sling bullet.
The sling bullet closely misses the ball python.
You shoot a sling bullet. The sling bullet hits the ball python.
The ball python is heavily wounded.
Your +1 dagger of venom begins to drip with poison!
b - a +1 dagger of venom (weapon)
You hit the ball python.
You kill the ball python!
Your +1 dagger of venom stops dripping with poison.
a - a +1 sling (weapon)
k - a scroll labelled QOQOFUDOALL
j - 2 green potions (gained 1)
You now have 92 gold pieces (gained 12).
There is a stone staircase leading down here.
f - 2 scrolls labelled GIUNOE TUNTOI (gained 1)
An endoplasm comes into view.
You shoot a sling bullet. The endoplasm quivers.
The sling bullet hits the endoplasm but does no damage.
You shoot a sling bullet.
The sling bullet completely misses the endoplasm.
You shoot a sling bullet. The sling bullet hits the endoplasm.
The endoplasm is severely wounded.
You shoot a sling bullet. The sling bullet hits the endoplasm!
You kill the endoplasm!
Terence the Incautious comes into view.
He is wielding a +0 flail.
Terence shouts!
Press: ? - help, v - describe, . - travel
Here: Terence, wielding a +0 flail and wearing a +0 scale mail The floor.
Unknown command.
Unknown command.
Cast which spell? (? or * to list)
Aiming: Slow (safe; 9% risk of failure)
Press: ? - help, Shift-Dir - straight line, f - Terence
Aim: Terence, wielding a +0 flail and wearing a +0 scale mail (chance to affect: 50%) Terence seems to slow down.
You shoot a sling bullet. The sling bullet hits Terence.
Terence is moderately wounded.
You shoot a sling bullet.
The sling bullet closely misses Terence.
You shoot a sling bullet.
The sling bullet hits Terence but does no damage.
Terence is moderately wounded.
You shoot a sling bullet.
The sling bullet hits Terence but does no damage.
Terence is moderately wounded.
Cast which spell? (? or * to list)
Aiming: Slow (safe; 9% risk of failure)
Press: ? - help, Shift-Dir - straight line, f/p - Terence
Aim: Terence, wielding a +0 flail and wearing a +0 scale mail (moderately wounded, slow, chance to affect: 50%) Terence resists with some effort.
Cast which spell? (? or * to list)
Aiming: Slow (safe; 9% risk of failure)
Press: ? - help, Shift-Dir - straight line, f/p - Terence
Aim: Terence, wielding a +0 flail and wearing a +0 scale mail (moderately wounded, slow, chance to affect: 50%) Terence resists with some effort.
Cast which spell? (? or * to list)
Aiming: Slow (safe; 9% risk of failure)
Press: ? - help, Shift-Dir - straight line, f/p - Terence
Aim: Terence, wielding a +0 flail and wearing a +0 scale mail (moderately wounded, slow, chance to affect: 50%) Terence seems to slow down.
Terence closely misses you.
Okay, then.
Your +1 dagger of venom begins to drip with poison!
b - a +1 dagger of venom (weapon)
You hit Terence but do no damage.
Terence is poisoned.
Terence is moderately wounded.
Terence barely misses you.
You hit Terence but do no damage.
You tail-slap Terence, but do no damage.
Terence is moderately wounded.
Terence closely misses you.
Press: ? - help, v - describe, . - travel
Here: Terence, wielding a +0 flail and wearing a +0 scale mail (moderately wounded, very poisoned, slow)
The floor.
Unknown command.
You hit Terence.
Terence looks as sick as possible!
Your tail-slap misses Terence.
Terence is moderately wounded.
You hit Terence but do no damage.
Terence looks as sick as possible!
You tail-slap Terence.
Terence is severely wounded.
Terence hits you with a +0 flail.
You kill Terence!
You have reached level 4!
You feel agile.
Your +1 dagger of venom stops dripping with poison.
a - a +1 sling (weapon)
Magic restored.
Things that are here:
a +0 flail; a +0 scale mail
l - a coppery potion
Found a leather armour.
Found a stone staircase leading up.
m - a sedimented dark potion A goblin comes into view.
It is wielding a +0 club.
You shoot a sling bullet. The sling bullet hits the goblin.
The goblin is moderately wounded.
You shoot a sling bullet.
The sling bullet barely misses the goblin.
You shoot a sling bullet. The sling bullet hits the goblin.
The goblin is heavily wounded.
You shoot a sling bullet.
The sling bullet closely misses the goblin.
You shoot a sling bullet.
The sling bullet closely misses the goblin.
You shoot a sling bullet.
The sling bullet barely misses the goblin.
The goblin hits you with a +0 club.
Your +1 dagger of venom begins to drip with poison!
b - a +1 dagger of venom (weapon)
You hit the goblin but do no damage.
The goblin is poisoned.
The goblin is heavily wounded.
The goblin hits you but does no damage.
You hit the goblin.
You kill the goblin!
Your +1 dagger of venom stops dripping with poison.
a - a +1 sling (weapon)
HP restored.
You see here a +0 club.
You see here the +7 dagger "Giantbane" {heavy, Will+ Dex+6 Stlth+}.
n - the +7 dagger "Giantbane" {heavy, Will+ Dex+6 Stlth+} You see here a +0 leather armour.
There is a stone staircase leading up here.
You now have 102 gold pieces (gained 10).
Found a hand axe.
You see here a +0 hand axe.
Done exploring.
Done exploring.
There is a stone staircase leading down here.
Okay, then.
Okay, then.
You climb downwards.
Found 7 stones.
There is a stone staircase leading up here.
You shoot a sling bullet. The sling bullet hits the bat.
You kill the bat!
Found a dagger.
i - 2 scrolls labelled OFEIDD RUUKH (gained 1)
You open the door.
A dart slug comes into view.
Found 14 gold pieces.
You see here a +0 dagger.
Okay, then.
You shoot a sling bullet. The sling bullet hits the dart slug.
The dart slug is lightly wounded.
You shoot a sling bullet. The sling bullet hits the dart slug.
The dart slug is heavily wounded.
The dart slug launches a dart at you. The slug dart hits you.
You shoot a sling bullet. The sling bullet hits the dart slug.
The dart slug is heavily wounded.
The dart slug launches a dart at you. The slug dart hits you.
You shoot a sling bullet. The sling bullet hits the dart slug.
You kill the dart slug!
HP restored.
You now have 116 gold pieces (gained 14).
You open the door.
There is an open door here.
You open the door.
There is an open door here.
You open the door.
There is an open door here.
o - 2 white potions You now have 127 gold pieces (gained 11).
p - 2 murky cyan potions You open the door.
There is an open door here.
As you open the door, it creaks loudly!
There is an open door here.
Key pressed, stopping explore.
You open the door.
There is an open door here.
You now have 145 gold pieces (gained 18).
There is an open door here.
Found a spear.
m - 2 sedimented dark potions (gained 1)
A giant cockroach comes into view.
You shoot a sling bullet.
The sling bullet hits the giant cockroach.
The giant cockroach is severely wounded.
You shoot a sling bullet.
The sling bullet completely misses the giant cockroach.
You shoot a sling bullet.
The sling bullet closely misses the giant cockroach.
You shoot a sling bullet.
The sling bullet barely misses the giant cockroach.
You shoot a sling bullet.
The sling bullet closely misses the giant cockroach.
The giant cockroach bites you but does no damage.
You shoot a sling bullet.
The sling bullet closely misses the giant cockroach.
The giant cockroach barely misses you. The giant cockroach bites you.
You shoot a sling bullet.
The sling bullet hits the giant cockroach.
You kill the giant cockroach!
No target in view!
You see here a giant cockroach corpse.
Found a stone staircase leading up.
Found a stone staircase leading down.
A dart slug comes into view.
You shoot a sling bullet. The sling bullet hits the dart slug.
The dart slug is severely wounded.
The dart slug launches a dart at you. The slug dart misses you.
You shoot a sling bullet. The sling bullet hits the dart slug.
The dart slug is almost dead.
The dart slug launches a dart at you. The slug dart misses you.
You shoot a sling bullet. The sling bullet hits the dart slug!
You kill the dart slug!
You open the door.
There is an open door here.
You open the door.
There is an open door here.
You now have 157 gold pieces (gained 12).
You open the door.
There is an open door here.
There is an open door here.
You open the door.
There is an open door here.
A ball python comes into view.
You shoot a sling bullet. The sling bullet hits the ball python.
You kill the ball python!
No target in view!
You see here a ball python corpse.
There is a stone staircase leading up here.
You open the door.
There is an open door here.
You open the large door.
There is a large open door here.
There is a large open door here.
q - a yellow potion
r - a scroll labelled LOACHEFEEG You open the door.
There is a shaft here.
Found a stone staircase leading down.
There is a stone staircase leading down here.
j - 3 green potions (gained 1)
Found a broken altar of Ashenzari.
You open the door.
A hobgoblin and a ball python come into view.
Found a scroll labelled BYNKIMOHOR and a green potion.
You shoot a sling bullet. The sling bullet hits the hobgoblin!
You kill the hobgoblin!
The ball python hisses angrily.
You shoot a sling bullet. The sling bullet hits the ball python!
You kill the ball python!
No target in view!
There is an open door here.
j - 4 green potions (gained 1)
s - a scroll labelled SEUNEN SOCLOD You see here a ball python corpse.
t - a scroll labelled BYNKIMOHOR You pick up a book of Spectacle and begin reading...
You add the spells Dazzling Flash, Iskenderun's Mystic Blast and Starburst to your library.
You now have 164 gold pieces (gained 7).
r - 2 scrolls labelled LOACHEFEEG (gained 1)
There is an open door here.
Found a stone staircase leading down.
Found a stone staircase leading up.
You now have 169 gold pieces (gained 5).
There is a stone staircase leading down here.
As you open the door, it creaks loudly!
Done exploring.
There is a stone staircase leading down here.
You climb downwards.
There is a stone staircase leading up here.
Fire: a) +1 sling
Press: ? - help, Q - select action, (/) - cycle Shift-Dir - straight line, f - dart slug
Aim: a dart slug (asleep, 98% to hit)
You shoot a sling bullet. The sling bullet hits the dart slug.
The dart slug is lightly wounded.
Fire: a) +1 sling
Press: ? - help, Q - select action, (/) - cycle Shift-Dir - straight line, f/p - dart slug
Aim: a dart slug (lightly wounded, 93% to hit)
You shoot a sling bullet. The sling bullet hits the dart slug!
The dart slug is almost dead.
Your +1 dagger of venom begins to drip with poison!
b - a +1 dagger of venom (weapon)
The dart slug misses you.
You hit the dart slug.
You kill the dart slug!
You hit the goblin.
The goblin is poisoned.
The goblin is severely wounded.
The goblin hits you but does no damage.
You barely miss the goblin.
You tail-slap the goblin, but do no damage.
The goblin is severely wounded.
The goblin hits you with a +0 club.
You hit the goblin.
You kill the goblin!
No target in view!
Your +1 dagger of venom stops dripping with poison.
a - a +1 sling (weapon)
HP restored.
Blork the orc comes into view.
He is wielding a +1 glaive of pain.
Press: ? - help, v - describe, . - travel
Here: Blork the orc, wielding a +1 glaive of pain and wearing a +2 robe (asleep)
The floor.
Placed new exclusion.
There is a stone staircase leading up here.
You climb upwards.
There is a stone staircase leading down here.
HP restored.
There is a stone staircase leading down here.
You climb downwards.
Level annotation: Blork the orc
There is a stone staircase leading up here.
You now have 179 gold pieces (gained 10).
Found a stone staircase leading down.
s - 2 scrolls labelled SEUNEN SOCLOD (gained 1)
Found a stone staircase leading up.
Okay, then.
Found a chain mail.
Unknown command.
An endoplasm comes into view.
You shoot a sling bullet. The endoplasm quivers.
The sling bullet hits the endoplasm.
The endoplasm is severely wounded.
You shoot a sling bullet. The sling bullet hits the endoplasm.
The endoplasm is almost dead.
You shoot a sling bullet.
The sling bullet barely misses the endoplasm.
You shoot a sling bullet. The sling bullet hits the endoplasm!
You kill the endoplasm!
An iguana comes into view.
You shoot a sling bullet. The sling bullet hits the iguana.
The iguana hisses angrily.
The iguana is moderately wounded.
You shoot a sling bullet.
The sling bullet closely misses the iguana.
You shoot a sling bullet. The sling bullet hits the iguana.
The iguana is heavily wounded.
You shoot a sling bullet.
The sling bullet barely misses the iguana.
You shoot a sling bullet.
The sling bullet hits the iguana but does no damage.
The iguana is heavily wounded.
Your +1 dagger of venom begins to drip with poison!
b - a +1 dagger of venom (weapon)
You completely miss the iguana.
The iguana is heavily wounded.
The iguana bites you.
You barely miss the iguana.
Your tail-slap misses the iguana.
The iguana is heavily wounded.
The iguana bites you.
You hit the iguana.
The iguana is poisoned.
The iguana is severely wounded.
The iguana barely misses you.
You hit the iguana but do no damage.
The iguana looks as sick as possible!
You tail-slap the iguana, but do no damage.
The iguana is severely wounded.
The iguana closely misses you.
You hit the iguana but do no damage.
The iguana looks as sick as possible!
The iguana is almost dead.
You kill the iguana!
Your Ranged Weapons skill increases to level 4!
Your +1 dagger of venom stops dripping with poison.
a - a +1 sling (weapon)
HP restored.
A ball python comes into view.
You shoot a sling bullet. The sling bullet hits the ball python.
The ball python hisses angrily.
The ball python is moderately wounded.
You shoot a sling bullet. The sling bullet hits the ball python.
You kill the ball python!
You pick up an Everburning Encyclopedia and begin reading...
You add the spells Ignite Poison, Sticky Flame and Ignition to your library.
Okay, then.
j - 5 green potions (gained 1)
You open the door.
Found Fawim Tutz's Antique Armour Shoppe.
There is an open door here.
There is an entrance to Fawim Tutz's Antique Armour Shoppe here.
You can access your shopping list by pressing '$'.
You open the door.
There is an open door here.
Key pressed, stopping explore.
Unknown command.
Unknown command.
u - a fuming puce potion Key pressed, stopping explore.
Okay, then.
A black bear comes into view.
The black bear growls angrily.
Cast which spell? (? or * to list)
Aiming: Slow (safe; 9% risk of failure)
Press: ? - help, Shift-Dir - straight line, f - black bear
Aim: a black bear (chance to affect: 41%)
The black bear resists with some effort.
Cast which spell? (? or * to list)
Aiming: Slow (safe; 9% risk of failure)
Press: ? - help, Shift-Dir - straight line, f/p - black bear
Aim: a black bear (chance to affect: 41%)
The black bear resists with some effort.
Cast which spell? (? or * to list)
Aiming: Slow (safe; 9% risk of failure)
Press: ? - help, Shift-Dir - straight line, f/p - black bear
Aim: a black bear (chance to affect: 41%)
The black bear resists with some effort.
Cast which spell? (? or * to list)
Aiming: Slow (safe; 9% risk of failure)
Press: ? - help, Shift-Dir - straight line, f/p - black bear
Aim: a black bear (chance to affect: 41%)
The black bear resists with some effort.
Your +1 dagger of venom begins to drip with poison!
b - a +1 dagger of venom (weapon)
Cast which spell? (? or * to list)
Okay, then.
Cast which spell? (? or * to list)
Aiming: Slow (safe; 9% risk of failure)
Press: ? - help, Shift-Dir - straight line, f/p - black bear
Aim: a black bear (chance to affect: 41%)
The black bear seems to slow down.
You hit the black bear but do no damage.
The black bear bites you. The black bear claws you. x2
You hit the black bear.
The black bear is poisoned.
The black bear is lightly wounded.
The black bear barely misses you. The black bear claws you. x2
You hit the black bear.
The black bear looks even sicker.
You tail-slap the black bear, but do no damage.
You punch the black bear, but do no damage.
The black bear is moderately wounded.
You hit the black bear but do no damage.
The black bear looks as sick as possible!
The black bear is moderately wounded.
The black bear is no longer moving slowly.
The black bear misses you.
The black bear claws you but does no damage. x2
You aren't carrying any items that you can evoke.
Unknown command.
Okay, then.
Press: ? - help, v - describe, . - travel
Here: a black bear (moderately wounded, extremely poisoned)
The floor.
Unknown command.
Hit: b) +1 dagger (venom)
Press: ? - help, Dir - move target, f/p - black bear
Aim: a black bear (moderately wounded, extremely poisoned, about 29% to evade your +1 dagger of venom)
You barely miss the black bear.
You punch the black bear, but do no damage.
The black bear is moderately wounded.
The black bear barely misses you. The black bear completely misses you.
The black bear closely misses you.
Hit: b) +1 dagger (venom)
Press: ? - help, Dir - move target, f/p - black bear
Aim: a black bear (heavily wounded, extremely poisoned, about 29% to evade your +1 dagger of venom)
You hit the black bear.
The black bear looks as sick as possible!
You tail-slap the black bear.
The black bear is severely wounded.
The black bear goes berserk!
You aren't carrying any items that you can evoke.
Unknown command.
The black bear misses you. The black bear barely misses you.
The black bear claws you.
The black bear attacks as you move away!
The black bear bites you!
* * * LOW HITPOINT WARNING * * *
The black bear claws you.
* * * LOW HITPOINT WARNING * * *
The black bear barely misses you.
The black bear rages.
Unknown command.
The black bear attacks as you move away!
The black bear bites you!
You die...

... ...... ..... .##
.... ...... .#...
..##. .... #......
..#.. ..... .....
....... #.... ....#
.....# ....... #...
.....# #...#
##....... .#.. .##..#
#..####.#..... ...
##...##
##...##h#.......
......###
#.....@...###...
#.......###.####....#
#..#.......# ##..##.#
. ..##.......#
##....# #.#
..##..####.##
##..#...... ...
..#..## #..#
#..#####... ...
....## #..###..# ..
... ....# ##...#..##
. ... ....# #.......#
...


You could see a black bear (berserk, extremely poisoned).

Vanquished Creatures
  An iguana (D:4)
  Terence (D:2)
  An adder (D:2)
  A worm (D:2)
  3 dart slugs
  8 bats
  8 endoplasms
  2 giant cockroaches
  8 goblins
  8 hobgoblins
  2 jackals (D:1)
  3 kobolds (D:1)
  3 quokkas
  6 ball pythons
  2 frilled lizards (D:1)
  2 rats
59 creatures vanquished.

Notes
Turn   | Place    | Note
-------+----------+-------------------------------------------
     0 | D:1      | jagoly the Draconian Hexslinger began the quest for the
                  | Orb.
     0 | D:1      | Reached XP level 1. HP: 16/16 MP: 2/2
    68 | D:1      | Reached skill level 2 in Ranged Weapons
   104 | D:1      | Reached XP level 2. HP: 23/23 MP: 3/3
   138 | D:1      | Reached skill level 1 in Stealth
   672 | D:1      | Reached XP level 3. HP: 28/28 MP: 4/4
   783 | D:1      | Found a faded altar of an unknown god.
  1338 | D:2      | Reached skill level 3 in Ranged Weapons
  1381 | D:2      | Noticed Terence
  1397 | D:2      | Killed Terence
  1398 | D:2      | Reached XP level 4. HP: 35/35 MP: 1/5
  1457 | D:2      | Identified the +7 dagger "Giantbane" {heavy, Will+ Dex+6
                  | Stlth+}
  2141 | D:3      | Found a broken altar of Ashenzari.
  2403 | D:4      | Noticed Blork the orc
  2674 | D:4      | Reached skill level 4 in Ranged Weapons
  2762 | D:4      | Found Fawim Tutz's Antique Armour Shoppe.
  2835 | D:4      | Noticed a black bear
  2850 | D:4      | Slain by a black bear

Illustrated notes

Levels and vault maps discovered:
D:1:      dpeg_arrival_renting, layout_loops_corners,
          ebering_ecumenical_altar_abandoned
D:2:      layout_rooms, uniq_terence
D:3:      layout_basic, mainiacjoe_overflow_paths, kennysheep_generic_room_2
D:4:      layout_layer_cave, serial_shops, nicolae_shop_behind_doors,
          minmay_misc_feat_diagonals, minmay_hedge_maze,
          minmay_misc_feat_square, grunt_ministairs_1, nrook_campfire,
          uniq_blork_the_orc

Skill      XL: |  1  2  3  4 |
---------------+-------------+-----
Ranged Weapons | 2 3 4 |  4.0
Stealth        | 1 2 |  2.0
Hexes          | 3 |  3.0
Fighting       | |  1.1
Dodging        | |  1.7
Spellcasting   | |  1.0

Action                   |  1- 3 |  4- 6 || total
-------------------------+-------+-------++-------
Melee: Dagger            |    34 |    17 ||    51
       Tailslap          |     5 |     4 ||     9
       Punch             |       |     2 ||     2
 Fire: Sling             |   116 |    37 ||   153
 Cast: Slow              |     4 |     5 ||     9
 Stab: Sleeping          |     1 |       ||     1
Armor: Skin              |    23 |     5 ||    28
Dodge: Dodged            |    47 |    14 ||    61

Table legend: (Time is in decaauts)
 A = Elapsed time spent in this place.
 B = Non-inter-level travel time spent in this place.
 C = Inter-level travel time spent in this place.
 D = Time resting spent in this place.
 E = Time spent auto-exploring this place.
 F = Levels seen in this place.
 G = Mean time per level.
                   A        B        C        D        E       F      G
               +--------+--------+--------+--------+--------+-----+--------+
         Total |   2875 |   2793 |     82 |     11 |   2326 |   4 |  718.8 |
       Dungeon |   2875 |   2793 |     82 |     11 |   2326 |   4 |  718.8 |
               +--------+--------+--------+--------+--------+-----+--------+

Top non-repeatable levels by time:
     D:1: 1114 daAuts
     D:3: 757 daAuts
     D:2: 574 daAuts
     D:4: 429 daAuts
